 Dungeon Crawl Stone Soup version 0.19-a0-1005-gf5a4b3b (webtiles) character file.

93 Duskembrace the Charmwright (level 4, -3/22 HPs)
             Began as a Spriggan Skald on July 19, 2016.
             Slain by a worker ant (8 damage)
             ... on level 3 of the Dungeon.
             The game lasted 00:06:43 (2864 turns).

Duskembrace the Charmwright (Spriggan Skald)        Turns: 2864, Time: 00:06:43

Health: -3/22      AC:  2    Str:  8    XL:     4   Next: 37%
Magic:  0/9        EV: 19    Int: 13    God:
Gold:   62         SH:  0    Dex: 16    Spells: 3 memorised, 3 levels left

rFire  . . .     SeeInvis +     a - +0 short sword
rCold  . . .     Gourm    .     b - +0 robe
rNeg   . . .     Faith    .     (shield restricted)
rPois  .         Spirit   .     (helmet restricted)
rElec  .         Dismiss  .     (no cloak)
rCorr  .         Reflect  .     (gloves unavailable)
SustAt .         Harm     .     (boots unavailable)
MR     .....                    (no amulet)
Stlth  ++........               (no ring)
                                k - ring of wizardry

@: lethally poisoned (-3 -> -10), infused, very quick, not resistant to hostile
enchantments, unstealthy
A: unfitting armour, see invisible, herbivore 3, speed 3, slow metabolism 2
a: no special abilities


You were on level 3 of the Dungeon.
You were not hungry.

You visited 1 branch of the dungeon, and saw 3 of its levels.

You collected 62 gold pieces.

Inventory:

Hand Weapons
 a - a +0 short sword (weapon)
Missiles
 j - 21 poisoned needles
Armour
 b - a +0 robe (worn)
Jewellery
 k - a ring of wizardry (left hand)
Scrolls
 e - a scroll of noise {unknown}
 f - a scroll of amnesia {unknown}
 h - a scroll of teleportation {unknown}
 i - 4 scrolls of remove curse {unknown}
 m - 3 scrolls of identify {unknown}
Potions
 g - a potion of heal wounds {unknown}
 l - a potion of cancellation {unknown}
 n - a potion of haste {unknown}
Books
 c - a book of Battle

   Spells                             Type                      Level
   a - Infusion                       Charms                       1
   b - Shroud of Golubria             Charms/Translocation         2
   c - Song of Slaying                Charms                       2
   d - Spectral Weapon                Hexes/Charms                 3
   e - Regeneration                   Charms/Necromancy            3
Comestibles
 d - 2 bread rations


   Skills:
 - Level 1.5 Fighting
 + Level 2.9 Short Blades
 + Level 3.5 Dodging
 + Level 2.7 Stealth
 + Level 3.3 Spellcasting
 + Level 5.4 Charms


You had 3 spell levels left.
You knew the following spells:

 Your Spells              Type           Power        Failure   Level  Hunger
a - Infusion              Chrm           ###.         1%          1    #......
b - Song of Slaying       Chrm           ###.....     1%          2    ##.....
c - Spectral Weapon       Hex/Chrm       #.......     9%          3    ###....


Dungeon Overview and Level Annotations

Branches:
Dungeon (3/15)

Altars:


Innate Abilities, Weirdness & Mutations

You are tiny and cannot use many weapons and most armour.
You have supernaturally acute eyesight. (SInv)
You are a herbivore.
You cover ground extremely quickly.
You need consume almost no food.


Message History

You begin infusing your attacks with magical energy.
The worker ant bites you.
You barely miss the worker ant.
The worker ant is moderately wounded.
The worker ant bites you but does no damage.
The worker ant closely misses you.
You hit the worker ant.
The worker ant is heavily wounded.
The worker ant bites you.
* * * LOW HITPOINT WARNING * * *
You are lethally poisoned!
The worker ant poisons you!
You hit the worker ant but do no damage.
The worker ant is heavily wounded.
* * * LOW HITPOINT WARNING * * *
You feel sick. The worker ant misses you.
You hit the worker ant.
The worker ant is severely wounded.
The worker ant bites you!
You die...

#..###... #(#####..........
.....w............ .
..#...♣#♣.♣.♣ . #.
#.#..........
h.##.###.#...♣#♣#♣.♣
........#...# #.#
h.##.........#####.######.#
.............a@....)......#
.#####..#.#.#####.##..####
#.####..#.#.# #.# #.#
#.........># #.# .♣
#.#.#######.......# # #
#.#####.# #.. .<. #.## #.#
#.#


You could see a worker ant.

Vanquished Creatures
  3 adders
  2 worms
  3 dart slugs
  2 giant geckos
  4 bats
  3 giant cockroaches (D:1)
  7 hobgoblins
  7 jackals
  2 kobolds
  A quokka (D:3)
  A giant newt (D:2)
  5 goblins
  9 rats
49 creatures vanquished.

Notes
Turn   | Place    | Note
-------+----------+-------------------------------------------
     0 | D:1      | Duskembrace the Spriggan Skald began the quest for the Orb.
     0 | D:1      | Reached XP level 1. HP: 10/10 MP: 5/5
   131 | D:1      | Reached skill level 1 in Stealth
   189 | D:1      | Reached XP level 2. HP: 3/14 MP: 2/6
   193 | D:1      | Learned a level 2 spell: Song of Slaying
  1298 | D:1      | Reached XP level 3. HP: 9/18 MP: 8/8
  1304 | D:1      | Learned a level 3 spell: Spectral Weapon
  1770 | D:2      | Reached skill level 5 in Charms
  2498 | D:2      | Reached XP level 4. HP: 22/22 MP: 9/9
  2864 | D:3      | Slain by a worker ant

Vault maps used:
D:1:      ncdulo_smallfort
D:2:      hex_medium
D:3:      tso_altar, lemuel_doored_altar, lemuel_round_altar, serial_forest,
          infiniplex_forest_clump_curved, infiniplex_forest_lined_1,
          infiniplex_forest_clump_diagonal, infiniplex_forest_end_1,
          infiniplex_forest_lined_2, infiniplex_forest_end_1,
          infiniplex_forest_straight_3, first_bread

Skill      XL: |  1  2  3 |
---------------+----------+-----
Stealth        | 1 2 |  2.7
Dodging        | 3 |  3.5
Spellcasting   | 3 |  3.3
Charms         | 5 |  5.4
Fighting       | |  1.5
Short Blades   | |  2.9

Action                   |  1- 3 |  4- 6 || total
-------------------------+-------+-------++-------
Melee: Short sword       |   144 |    41 ||   185
 Cast: Infusion          |     9 |     3 ||    12
       Song of Slaying   |       |     1 ||     1
 Stab: Sleeping          |     3 |     1 ||     4
       Distracted        |       |     1 ||     1
Armor: Robe              |    13 |     4 ||    17
Dodge: Dodged            |   101 |    30 ||   131
